 Dungeon Sprint DCSS version 0.21-a0-201-g8501b10 (webtiles) character file.

17648 KristoblXynda the Peltast (level 12, -18/106 HPs)
             Began as a Minotaur Fighter on Aug 18, 2017.
             Was the Champion of the Shining One.
             Killed from afar by Louise (41 damage)
             ... with a bolt of lightning
             ... in the Dungeon (Sprint V: "Ziggurat Sprint").
             The game lasted 00:14:25 (1311 turns).

KristoblXynda the Peltast (Minotaur Fighter)        Turns: 1311, Time: 00:14:25

Health: -18/106    AC: 20    Str: 30    XL:     12   Next: 20%
Magic:  15/19      EV: 16    Int:  7    God:    the Shining One [******]
Gold:   0          SH: 23    Dex: 14    Spells: 11/11 levels left

rFire    . . .     SeeInvis .   I - +9 broad axe (elec)
rCold    . . .     Gourm    .   G - +3 shield
rNeg     + + +     Faith    .   j - +3 plate armour {rN+}
rPois    +         Spirit   .   (helmet restricted)
rElec    .         Reflect  +   (no cloak)
rCorr    .         Harm     .   (no gloves)
MR       .....     NoTele   +   (no boots)
Stlth    ..........             o - +4 amulet of reflection
HPRegen  0.27/turn              L - ring of Amelioration {rPois Dex+4}
MPRegen  0.16/turn              H - +6 ring of strength

@: very slightly contaminated, slowed, glowing, very slow
A: retaliatory headbutt, horns 2
a: Divine Shield, Cleansing Flame, Summon Divine Warrior, Brand Weapon With Holy
Wrath, Renounce Religion


You were in the Dungeon.
You worshipped the Shining One.
The Shining One was exalted by your worship.
You were not hungry.

You visited 1 branch

Inventory:

Hand Weapons
 I - a +9 broad axe of electrocution (weapon)
Armour
 j - a +3 plate armour of positive energy (worn)
 E - +5 gold dragon scales
 G - a +3 shield (worn)
Jewellery
 o - a +4 amulet of reflection (around neck)
 H - a +6 ring of strength (right hand)
 L - the ring of Amelioration (left hand) {rPois Dex+4}
   (You found it in the Dungeon)

   [ring of poison resistance]

   It affects your dexterity (+4).
   It protects you from poison.
Wands
 y - a wand of disintegration (7/24)
 A - a wand of iceblast (5/15)
 B - a wand of lightning (5/15)
 C - a wand of acid (5/15)
Scrolls
 k - 2 scrolls of blinking
 q - 4 scrolls of amnesia
 r - 3 scrolls of recharging
 s - 7 scrolls of fog
 t - a scroll of holy word
 u - 5 scrolls of identify
 v - 5 scrolls of remove curse
 w - 2 scrolls of fear
Potions
 d - 5 potions of might
 e - 9 potions of curing
 g - 5 potions of heal wounds
 h - 6 potions of haste
 i - 7 potions of magic
 l - 2 potions of brilliance
 m - 2 potions of invisibility
 n - 4 potions of resistance
 p - 5 potions of agility
Books
 K - a book of Enchantments

   Spells                             Type                      Level
   a - Cause Fear                     Hexes                        4
   b - Yara's Violent Unravelling     Hexes/Transmutation          5
   c - Silence                        Hexes/Air                    5
   d - Deflect Missiles               Charms/Air                   6
   e - Discord                        Hexes                        8
Miscellaneous
 b - a sack of spiders
 c - a phantom mirror
 J - a fan of gales
 M - 2 boxes of beasts
 N - a lamp of fire
 O - a phial of floods
Comestibles
 a - 3 royal jellies
 f - 5 bread rations
 x - 39 fruits
 z - 4 meat rations


   Skills:
 + Level 10.2 Fighting
 - Level 16.0 Axes
 - Level 16.9 Armour
 - Level 13.4 Dodging
 + Level 19.1 Shields
 - Level 11.6 Invocations
 - Level 10.8 Evocations


You had 11 spell levels left.
You didn't know any spells.

Dungeon Overview and Level Annotations

Branches:
Dungeon (1/1)

Altars:
Ashenzari
Cheibriados
Dithmenos
Elyvilon
Fedhas
Gozag
Hepliaklqana
Kikubaaqudgha
Makhleb
Nemelex Xobeh
Okawaru
Qazlal
Ru
Sif Muna
Trog
Uskayaw
Vehumet
Wu Jian
Xom
Yredelemnul
Zin
The Shining One
Beogh
Jiyva
Lugonu

Annotations:
D 1 transporter, Louise


Innate Abilities, Weirdness & Mutations

You reflexively headbutt those who attack you in melee.
You have a pair of horns on your head.


Message History

Louise hits your daeva with an eveningstar of draining!
Your daeva dies!
Louise shouts!
Things that are here:
a rapier; a chain mail You hit Louise.
Louise blocks your attack.
Louise is almost dead.
Louise misses you. Louise blocks your attack. x2
Louise is almost dead.
You block Louise's attack. Louise blocks your attack.
Louise is almost dead.
Louise hits you with an eveningstar of draining.
* * * LOW HITPOINT WARNING * * *
Louise blocks your attack. x2
Louise is almost dead.
Louise gestures at you while chanting. The bolt of lightning misses you.
The bolt of lightning hits you!
You die...

▓....8©8....▓....©....
▓...)[:}})).▓▓▓▓▓▓▓▓▓▓
▓...}.[:=...▓...8©8...
▓...........▓..}.)[|..
▓...........▓..=}))...
▓...........▓.........
▓....)).....▓.........
▓..▓)@...▓..▓....†....
▓▓@..▓▓ ▓...†.....
▓..▓.....▓..▓.▓.†...▓.
▓.....©.....▓....©....
▓▓▓▓▓▓▓▓▓▓▓▓▓▓▓▓▓▓▓▓▓▓
▓...8©8...▓...8©8...▓.
▓..))|=}|.▓..:.:[=..▓.
▓..))))...▓..:..[}..▓.
▓.........▓.........▓.
▓.........▓.........▓.


You could see Louise.

Vanquished Creatures
  Agnes (D)
  Kirke (D)
  Snorg (D)
  2 naga warriors (D)
  Harold (D)
  Erolcha (D)
  2 vampire magi (D)
  A thrashing horror (D)
  2 skeletal warriors (D)
  A spriggan druid (D)
  2 necromancers (D)
  4 toenail golems (D)
  2 naga magi (D)
  A black mamba (D)
  A gargoyle (D)
  A komodo dragon (D)
  An ancient zyme (D)
  2 hornets (D)
  3 merfolk (D)
  A slime creature (D)
  A yak (D)
  5 spriggans (D)
  A naga (D)
  A water moccasin (D)
  Duvessa (D)
  A porcupine (D)
  An eye of draining (D)
  2 black bears (D)
  2 necrophages (D)
  A wolf (D)
  3 crocodiles (D)
  A bullfrog (D)
  An earth elemental (D)
  A quasit (D)
  An iron imp (D)
  3 orc priests (D)
  3 jellies (D)
  4 orc wizards (D)
  An iguana (D)
  3 adders (D)
  A shadow imp (D)
  2 white imps (D)
  3 ufetubi (D)
  An ooze (D)
  An adder skeleton (D)
  2 orcs (D)
  A ball python (D)
  A bat skeleton (D)
  A bat simulacrum (D)
  A giant cockroach zombie (D)
  A leopard gecko zombie (D)
83 creatures vanquished.

Vanquished Creatures (collateral kills)
  Frances (D)
  Eustachio (D)
  Menkaure (D)
3 creatures vanquished.

Grand Total: 86 creatures vanquished

Notes
Turn   | Place    | Note
-------+----------+-------------------------------------------
     0 | D        | Found the +6 Majin-Bo {vamp, Archmagi MP+6 Int+6}
     0 | D        | Found the +7 great mace "Firestarter" {inner flame, rF++}
     0 | D        | KristoblXynda the Minotaur Fighter began the quest for the Orb.
     0 | D        | Reached XP level 1. HP: 19/19 MP: 0/0
     0 | D        | Found a deep blue altar of Sif Muna.
     0 | D        | Found a sacrificial altar of Ru.
     0 | D        | Found a bloodstained altar of Trog.
     0 | D        | Found a stormy altar of Qazlal.
     0 | D        | Found an iron altar of Okawaru.
     0 | D        | Found a sparkling altar of Nemelex Xobeh.
     0 | D        | Found a blossoming altar of Fedhas.
     2 | D        | Found a transporter.
     2 | D        | Found an ancient bone altar of Kikubaaqudgha.
     2 | D        | Found a viscous altar of Jiyva.
     2 | D        | Found a corrupted altar of Lugonu.
     2 | D        | Found a hazy altar of Hepliaklqana.
     2 | D        | Found a burning altar of Makhleb.
     2 | D        | Found an opulent altar of Gozag.
    56 | D        | Became a worshipper of the Shining One
    96 | D        | Reached XP level 2. HP: 26/26 MP: 1/1
   101 | D        | Entered arena 2.
   101 | D        | Noticed a necrophage
   101 | D        | Reached * piety under the Shining One
   101 | D        | Found a transporter.
   105 | D        | Killed a necrophage
   105 | D        | Reached skill level 10 in Axes
   105 | D        | Reached skill level 5 in Armour
   105 | D        | Reached skill level 5 in Shields
   105 | D        | Reached XP level 3. HP: 31/31 MP: 2/2
   105 | D        | Reached XP level 4. HP: 39/39 MP: 3/3
   124 | D        | Entered arena 3.
   124 | D        | Noticed a merfolk
   124 | D        | Reached ** piety under the Shining One
   124 | D        | Noticed a merfolk
   124 | D        | Noticed a merfolk
   124 | D        | Found a transporter.
   137 | D        | Killed a merfolk
   137 | D        | Reached skill level 8 in Shields
   137 | D        | Reached XP level 5. HP: 45/45 MP: 4/4
   137 | D        | Reached XP level 6. HP: 51/51 MP: 5/5
   140 | D        | Killed a merfolk
   140 | D        | Reached skill level 9 in Shields
   142 | D        | Killed a merfolk
   142 | D        | Reached skill level 10 in Armour
   142 | D        | Reached skill level 10 in Shields
   142 | D        | Reached XP level 7. HP: 53/57 MP: 6/6
   332 | D        | Entered arena 4.
   332 | D        | Reached *** piety under the Shining One
   332 | D        | Reached **** piety under the Shining One
   332 | D        | Found a transporter.
   352 | D        | Entered arena 5.
   352 | D        | Reached ***** piety under the Shining One
   352 | D        | Found a transporter.
   356 | D        | Reached skill level 11 in Shields
   370 | D        | Entered arena 6.
   370 | D        | Found a transporter.
   374 | D        | Reached skill level 1 in Dodging
   475 | D        | Entered arena 7.
   475 | D        | Noticed a slime creature
   475 | D        | Reached ****** piety under the Shining One
   476 | D        | Found a transporter.
   481 | D        | Killed a slime creature
   481 | D        | Reached skill level 5 in Dodging
   481 | D        | Reached XP level 8. HP: 59/64 MP: 4/7
   551 | D        | Entered arena 8.
   551 | D        | Noticed a toenail golem
   551 | D        | Noticed a toenail golem
   551 | D        | Noticed a gargoyle
   551 | D        | Noticed a toenail golem
   551 | D        | Noticed a toenail golem
   552 | D        | Found a transporter.
   558 | D        | Killed a gargoyle
   559 | D        | Killed a toenail golem
   559 | D        | Reached skill level 15 in Axes
   559 | D        | Reached XP level 9. HP: 66/70 MP: 8/8
   562 | D        | Killed a toenail golem
   562 | D        | Reached skill level 10 in Dodging
   562 | D        | Killed a toenail golem
   562 | D        | Killed a toenail golem
   572 | D        | Entered arena 9.
   572 | D        | Noticed an ancient zyme
   572 | D        | Noticed a thrashing horror
   573 | D        | Found a transporter.
   583 | D        | Killed a thrashing horror
   583 | D        | Killed an ancient zyme
   684 | D        | Entered arena 10.
   684 | D        | Noticed a komodo dragon
   685 | D        | Found a transporter.
   687 | D        | Reached skill level 15 in Armour
   687 | D        | Reached XP level 10. HP: 75/77 MP: 11/11
   693 | D        | Reached skill level 5 in Invocations
   693 | D        | Reached skill level 5 in Evocations
   699 | D        | Got the ring of Amelioration {rPois Dex+4}
   849 | D        | Entered arena 11.
   849 | D        | Noticed a spriggan rider
   849 | D        | Noticed a spriggan druid
   849 | D        | Noticed a spriggan rider
   850 | D        | Found a transporter.
   859 | D        | Killed a spriggan druid
   863 | D        | Killed a spriggan rider
   867 | D        | Killed a spriggan rider
   911 | D        | Entered arena 12.
   911 | D        | Noticed a necromancer
   911 | D        | Noticed a vampire mage
   911 | D        | Noticed a skeletal warrior
   911 | D        | Noticed a necromancer
   912 | D        | Noticed a skeletal warrior
   912 | D        | Noticed a vampire mage
   915 | D        | Noticed a shadow wraith
   915 | D        | Noticed a jiangshi
   920 | D        | Noticed a shadow wraith
   920 | D        | Noticed a phantasmal warrior
   922 | D        | Killed a vampire mage
   922 | D        | Reached XP level 11. HP: 62/82 MP: 16/16
   922 | D        | Killed a necromancer
   922 | D        | Reached skill level 12 in Shields
   923 | D        | Killed a necromancer
   924 | D        | Found a transporter.
   925 | D        | Killed a vampire mage
   925 | D        | Reached skill level 13 in Shields
   930 | D        | Killed a skeletal warrior
   930 | D        | Reached skill level 14 in Shields
   930 | D        | Reached skill level 10 in Invocations
   931 | D        | Killed a skeletal warrior
  1017 | D        | Identified Keibestry's Grimoire of Flight and Battle Magic (You found it in the Dungeon)
  1019 | D        | Identified the Reference Book on Transmutation and the Mountains (You found it in the Dungeon)
  1020 | D        | Identified Sif Muna's Volume of Harmful Transmigration (You found it in the Dungeon)
  1065 | D        | Entered arena 13.
  1065 | D        | Noticed a naga warrior
  1066 | D        | Noticed a naga warrior
  1067 | D        | Found a transporter.
  1072 | D        | Reached skill level 15 in Shields
  1072 | D        | Reached skill level 10 in Evocations
  1085 | D        | Killed a naga warrior
  1087 | D        | Reached skill level 16 in Shields
  1096 | D        | Killed a naga warrior
  1276 | D        | Entered arena 14.
  1277 | D        | Noticed Frances
  1277 | D        | Noticed Eustachio
  1277 | D        | Noticed Louise
  1277 | D        | Noticed Snorg
  1278 | D        | Noticed Duvessa
  1278 | D        | Noticed Agnes
  1278 | D        | Noticed Erolcha
  1278 | D        | Noticed Kirke
  1278 | D        | Noticed Menkaure
  1278 | D        | Noticed Harold
  1279 | D        | Found a transporter.
  1280 | D        | Noticed a sixfirhy
  1285 | D        | Killed Eustachio
  1291 | D        | Killed Erolcha
  1291 | D        | Reached skill level 5 in Fighting
  1291 | D        | Reached skill level 17 in Shields
  1299 | D        | Killed Snorg
  1299 | D        | Killed Menkaure
  1301 | D        | Killed Agnes
  1301 | D        | Reached skill level 18 in Shields
  1301 | D        | Reached XP level 12. HP: 20/103 MP: 13/19
  1303 | D        | Killed Kirke
  1303 | D        | Killed Harold
  1304 | D        | Killed Frances
  1304 | D        | Reached skill level 10 in Fighting
  1304 | D        | Reached skill level 19 in Shields
  1306 | D        | Killed Duvessa
  1311 | D        | Killed from afar by Louise

Vault maps used:
D:        sprint_v

Skill      XL: |  1  2  3  4  5  6  7  8  9 10 11 12 |
---------------+-------------------------------------+-----
Axes           | 9 10 11 13 14 15 16 | 16.0
Armour         | 5 8 10 11 13 15 16 | 16.9
Shields        | 5 8 10 11 18 19 | 19.1
Dodging        | 5 9 13 | 13.4
Invocations    | 3 9 11 | 11.6
Evocations     | 3 8 10 | 10.8
Fighting       | 8 10 | 10.2

Action                   |  1- 3 |  4- 6 |  7- 9 | 10-12 || total
-------------------------+-------+-------+-------+-------++-------
Melee: Broad axe         |     2 |    10 |    45 |    73 ||   130
       Headbutt          |       |     2 |    12 |    12 ||    26
Invok: Summon Divine War |       |       |       |     1 ||     1
  Use: Potion            |     1 |     3 |       |    11 ||    15
       Scroll            |       |       |     4 |     4 ||     8
  Eat: Fruit             |       |       |       |     3 ||     3
Armor: Plate armour      |       |     2 |    20 |    42 ||    64
Dodge: Dodged            |     2 |     3 |    24 |    67 ||    96
Block: Shield            |     1 |    13 |    38 |   145 ||   197
       Reflection        |       |       |       |     5 ||     5
